 Dungeon Crawl Stone Soup version 0.17.1-1-g73c8601 (webtiles) character file.

72 Implojin the Ruffian (level 4, -8/44 HPs)
             Began as a Troll Fighter on Apr 4, 2016.
             Mangled by Menkaure (21 damage)
             ... on level 5 of the Dungeon.
             The game lasted 00:02:47 (651 turns).

Implojin the Ruffian (Troll Fighter)                 Turns: 651, Time: 00:02:47

Health: -8/44      AC:  5    Str: 24    XL:     4   Next: 6%
Magic:  3/3        EV:  8    Int:  4    God:
Gold:   51         SH:  8    Dex: 10    Spells: 0 memorised, 3 levels left

rFire  . . .     SeeInvis .       - Unarmed
rCold  . . .     Clarity  .     a - +0 robe
rNeg   . . .     SustAt   .     b - +0 shield
rPois  .         Gourm    +     (helmet restricted)
rElec  .         Spirit   .     (no cloak)
rCorr  .         Warding  .     (gloves unavailable)
rMut   .         Stasis   .     (boots unavailable)
MR     .....                    (no amulet)
Stlth  +.........               (no ring)
                                (no ring)

@: not resistant to hostile enchantments, very unstealthy
A: unfitting armour, claws 3, fast metabolism 3, gourmand, regeneration 2,
shaggy fur 1, tough skin 2
a: no special abilities


You were on level 5 of the Dungeon.
You were completely stuffed.

You visited 1 branch of the dungeon, and saw 5 of its levels.

You collected 51 gold pieces.

Inventory:

Missiles
 m - 7 tomahawks (quivered)
Armour
 a - a +0 robe (worn)
 b - a +0 shield (worn)
Scrolls
 f - 5 scrolls of identify {unknown}
 g - a scroll of fear {unknown}
 l - a scroll of amnesia {unknown}
 n - a scroll of immolation {unknown}
Potions
 c - a potion of might
 e - 2 potions of invisibility {unknown}
 h - a potion of mutation {unknown}
 i - a potion of beneficial mutation {unknown}
Books
 p - a book of Spatial Translocations

   Spells                             Type                      Level
   a - Apportation                    Translocation                1
   b - Blink                          Translocation                2
   c - Shroud of Golubria             Charms/Translocation         2
   d - Portal Projectile              Translocation                3
   e - Teleport Other                 Translocation                3
   f - Passage of Golubria            Translocation                4
Comestibles
 d - 2 bread rations
 j - a slice of pizza
 k - a meat ration
 o - 2 chunks of flesh


   Skills:
 - Level 2.4 Fighting
 - Level 2.4 Dodging
 - Level 2.4 Shields
 * Level 4.4 Unarmed Combat


You had 3 spell levels left.
You didn't know any spells.

Dungeon Overview and Level Annotations

Branches:
Dungeon (5/15)
 Temple: D:4-7

Altars:

Annotations:
D:5 Menkaure


Innate Abilities, Weirdness & Mutations

You are too large for most types of armour.
You have claws for hands.
Your metabolism is lightning-fast.
You like to eat raw meat.
You heal very quickly.
You are covered in fur (AC +1).
You have very tough skin (AC +2).


Message History

The hound is severely wounded.
The hound bites you.
You scratch the hound.
You kill the hound!
Your Unarmed Combat skill increases to level 4!
You have reached level 4!
You see here a hound corpse.
You butcher the hound corpse.
o - 3 chunks of flesh (gained 1) Unknown command.
You're too full to eat anything.
You're too full to eat anything.
You're too full to eat anything.
You're too full to eat anything.
Found 8 sling bullets.
You open the door.
Found a purple potion.
There is an open door here.
Menkaure, Prince of Dust comes into view.
Menkaure shouts!
There is an open door here.
You close the door.
You start waiting.
Eating one of 3 chunks of flesh.
This raw flesh tastes great.
You continue eating. x2
Menkaure, Prince of Dust opens the door.
Menkaure calls on the powers of darkness!
Your body is wracked with pain!
* * * LOW HITPOINT WARNING * * *
There is an open door here.
You scratch Menkaure.
Menkaure is moderately damaged.
Menkaure calls on the powers of darkness!
Your body is wracked with pain!
* * * LOW HITPOINT WARNING * * *
Unknown command.
You barely miss Menkaure.
Menkaure is moderately damaged.
Menkaure hits you!!
You die...

#.#....##
##.#.....(
..####.....#
#..........#
..####....##
##.#.#
#.#...
#.#####
##@## #.M.#
#...!.#
#.......#
#.........#
+.........+
#.........#
##.......##
##.....##


You could see Menkaure.

Vanquished Creatures
  A hound (D:5)
  2 adders
  A worm (D:4)
  2 giant cockroaches (D:3)
  8 jackals
  2 bats
  3 giant newts
  A goblin (D:2)
  3 kobolds (D:3)
  A rat (D:1)
24 creatures vanquished.

Notes
Turn   | Place    | Note
--------------------------------------------------------------
     0 | D:1      | Implojin the Troll Fighter began the quest for the Orb.
     0 | D:1      | Reached XP level 1. HP: 22/22 MP: 0/0
   179 | D:2      | Reached XP level 2. HP: 26/29 MP: 1/1
   249 | D:3      | Reached skill level 3 in Unarmed Combat
   446 | D:3      | Reached XP level 3. HP: 36/36 MP: 2/2
   586 | D:5      | Entered Level 5 of the Dungeon
   612 | D:5      | Reached skill level 4 in Unarmed Combat
   612 | D:5      | Reached XP level 4. HP: 33/44 MP: 3/3
   639 | D:5      | Noticed Menkaure
   651 | D:5      | Mangled by Menkaure

Action                   |  1- 3 |  4- 6 || total
-------------------------+-------+-------++-------
Melee: Unarmed           |    78 |     2 ||    80
  Eat: Chunk             |    11 |     1 ||    12

Table legend:
 A = Turns spent in this place as a percentage of turns spent in the entire game.
 B = Non-inter-level travel turns spent in this place as a percentage of non-inter-level travel turns spent in the entire game.
 C = Inter-level travel turns spent in this place as a percentage of turns spent in this place.
 D = Turns resting spent in this place as a percentage of non-inter-level travel turns spent in this place.
 E = Turns spent auto-exploring this place as a percentage of non-inter-level travel turns spent in this place.
 F = Non-inter-level travel turns spent in this place divided by the number of levels of this place that you've seen.
                   A       B       C       D       E      F
               +-------+-------+-------+-------+-------+----------------------
         Total | 100.0 | 100.0 |   0.0 |   0.3 |   0.0 | 121.2
       Dungeon | 100.0 | 100.0 |   0.0 |   0.3 |   0.0 | 121.2
               +-------+-------+-------+-------+-------+----------------------

Table legend:
 A = Kills in this place as a percentage of kills in entire the game.
 B = Kills by you in this place as a percentage of kills by you in the entire game.
 C = Kills by friends in this place as a percentage of kills by friends in the entire game.
 D = Other kills in this place as a percentage of other kills in the entire game.
 E = Experience gained in this place as a percentage of experience gained in the entire game.
 F = Experience gained in this place divided by the number of levels of this place that you have seen.
                   A       B       C       D       E      F
               +-------+-------+-------+-------+-------+----------------------
         Total | 100.0 | 100.0 |  -nan |  -nan | 100.0 |  20.6
       Dungeon | 100.0 | 100.0 |  -nan |  -nan | 100.0 |  20.6
               +-------+-------+-------+-------+-------+----------------------
